 Dungeon Crawl Stone Soup version 0.30-a0-54-g2e61a25929 (webtiles) character file.

Game seed: 16281659647058443731

2310 IdlyInterested the Slicer (level 9, -11/69 HPs)
             Began as a Formicid Fighter on Sept 8, 2022.
             Mangled by an ogre
             ... wielding a +0 giant club
              (20 damage)
             ... on level 6 of the Dungeon.
             The game lasted 00:18:19 (5836 turns).

IdlyInterested the Slicer (Formicid Fighter)        Turns: 5836, Time: 00:18:20

Health: -11/69     AC: 11    Str: 22 (25) XL:     9   Next: 68%
Magic:  9/9        EV:  9    Int:  9 (11) God:
Gold:   309        SH: 10    Dex: 14 (17) Spells: 8/8 levels left

rFire   + . .      SeeInvis +    k - +2 short sword (drain)
rCold   + . .      Faith    .    e - +0 kite shield
rNeg    . . .      Spirit   .    h - +1 scale mail of the Furrier {Str+4 Int+3}
rPois   +          Reflect  .    (helmet unavailable)
rElec   +          Harm     .    (no cloak)
rCorr   +          Rampage  .    r - +1 pair of gloves
Will    .....                    n - +0 pair of boots
Stlth   +.........               (no amulet)
HPRegen 0.21/turn                (no ring)
MPRegen 0.11/turn                (no ring)

@: mighty, resistant (expiring)
A: permanent stasis, dig shafts and tunnels, antennae 3, four strong arms
a: Dig, Shaft Self


You were on level 6 of the Dungeon.
You visited 1 branch of the dungeon, and saw 6 of its levels.

You collected 309 gold pieces.

Inventory:

Hand Weapons
 a - a +1 rapier of chaos
 k - a +2 short sword of draining (weapon)
Missiles
 o - 7 poisoned darts (quivered)
 t - 6 boomerangs of dispersal
Armour
 c - a +0 buckler
 d - the +1 robe of the Shining Light {Regen+ Str-2 SInv}
   (You found it on level 5 of the Dungeon)

   Str:       It affects your strength (-2).
   SInv:      It lets you see invisible.
   Regen:     It increases your rate of health regeneration.
 e - a +0 kite shield (worn)
 h - the +1 scale mail of the Furrier (worn) {Str+4 Int+3}
   (You found it on level 2 of the Dungeon)

   Str:       It affects your strength (+4).
   Int:       It affects your intelligence (+3).
 n - a +0 pair of boots (worn)
 r - a +1 pair of gloves (worn)
 u - a +3 leather armour of willpower
Magical Staves
 s - a staff of air
Wands
 p - a wand of flame (25)
 q - a wand of polymorph (17)
Potions
 b - a potion of cancellation
 f - a potion of attraction
 g - a potion of brilliance
 i - a potion of degeneration


   Skills:
 - Level 6.0 Fighting
 * Level 9.6 Short Blades
 + Level 0.7 Staves
 - Level 2.0 Throwing
 - Level 3.2 Armour
 - Level 2.0 Dodging
 - Level 2.0 Stealth
 + Level 6.4 Shields
 - Level 2.0 Air Magic
 - Level 2.0 Evocations


You had 8 spell levels left.
You didn't know any spells.
Your spell library contained the following spells:

 Spells                   Type           Power      Damage    Failure   Level
 Beastly Appendage        Tmut           0%         N/A       92%         1
 Slow                     Hex            0%         N/A       92%         1
 Wereblood                Tmut           0%         N/A       98%         2
 Confusing Touch          Hex            0%         N/A       100%        3
 Spider Form              Tmut/Pois      0%         N/A       100%        3
 Vampiric Draining        Necr           0%         2d6       100%        3
 Fireball                 Conj/Fire      0%         3d3       100%        5
 Iskenderun's Battlesphe  Conj           0%         2d6       100%        5
 Yara's Violent Unravell  Hex/Tmut       0%         3d3       100%        5
 Conjure Ball Lightning   Conj/Air       0%         3x3d6     100%        6
 Enfeeble                 Hex            0%         N/A       100%        7
 Orb of Destruction       Conj           0%         9d5       100%        7


Dungeon Overview and Level Annotations

Branches:
Dungeon (6/15)             Temple (0/1) D:6

Altars:
Ashenzari
Cheibriados
Elyvilon
Fedhas
Hepliaklqana
Kikubaaqudgha
Nemelex Xobeh
Qazlal
Trog
Uskayaw
Vehumet
Wu Jian
Zin
The Shining One

Shops:
D:2 [


Innate Abilities, Weirdness & Mutations

You cannot be hasted, slowed, berserked, paralysed or teleported.
You can dig through walls and to a lower floor.
You have a pair of large antennae on your head. (SInv)
Your four strong arms can wield two-handed weapons with a shield.


Message History

Found an escape hatch in the floor.
The frilled lizard barely misses you.
The frilled lizard bites something.
The frilled lizard attacks as you move away!
You block the frilled lizard's attack.
The frilled lizard attacks as you move away!
The frilled lizard bites you but does no damage.
You completely miss the frilled lizard.
The frilled lizard bites you but does no damage.
You hit the frilled lizard.
You kill the frilled lizard!
You hit the iguana. You burn the iguana.
The iguana is moderately wounded.
You block the iguana's attack.
You hit the iguana.
The iguana is heavily wounded.
You block the iguana's attack.
Okay, then.
You sense an unholy aura.
k - a +2 short sword of draining (weapon)
You feel very mighty all of a sudden.
The iguana hisses menacingly.
The iguana bites you but does no damage.
You barely miss the iguana.
The iguana is heavily wounded.
You block the iguana's attack.
You puncture the iguana!
You kill the iguana!
You barely miss the frilled lizard. You puncture the frilled lizard!
You kill the frilled lizard!
You puncture the ogre! You drain the ogre.
The ogre is moderately wounded.
You start to feel less resistant.
The ogre closely misses you.
You barely miss the ogre.
The ogre is moderately wounded.
You hit the ogre.
The ogre is heavily wounded.
The ogre hits you with a +0 giant club!!
You die...

{ .P. . P. .. #####.. #
... ...... ..# ...##...
#.... .. #.
#....!###......
..####.#####.lO@.......
.............o##..>##..
#..##.#####..# .#.#
##............## .. #
#...#........## ##.
...#........## ..
>.#####.....# .#
...#....##### #.
#...#...#


You could see an ogre (drained), an orc wizard (invisible) and a frilled lizard.

Vanquished Creatures
  Pikel (D:5)
  Prince Ribbit (D:6)
  The ghost of Moonkey the Conjurer, an amateur DECj of Vehumet (D:4)
  Eustachio (D:5)
  A steam dragon (D:6)
  A water moccasin (D:6)
  2 orc warriors
  A black bear (D:6)
  A lemure (D:5)
  2 kobold brigands (D:6)
  2 necrophages
  A scorpion (D:5)
  2 orc priests (D:6)
  A jelly (D:5)
  2 hounds
  4 iguanas (D:6)
  4 orc wizards
  3 gnolls (D:2)
  5 adders
  A white imp (D:5)
  4 worms
  3 dart slugs
  19 orcs
  A ball python (D:2)
  3 bats
  5 endoplasms
  9 giant cockroaches
  4 goblins
  9 hobgoblins
  4 jackals (D:1)
  A quokka (D:1)
  4 frilled lizards
  12 kobolds
  A rat (D:1)
  A spectral orc (D:5)
117 creatures vanquished.

Vanquished Creatures (others)
  A kobold (D:6)
  3 fungi (D:6)
  12 plants (D:6)
16 creatures vanquished.

Grand Total: 133 creatures vanquished

Notes
Turn   | Place    | Note
-------+----------+-------------------------------------------
     0 | D:1      | IdlyInterested the Formicid Fighter began the quest for the
                  | Orb.
     0 | D:1      | Reached XP level 1. HP: 18/18 MP: 1/1
   276 | D:1      | Reached XP level 2. HP: 24/24 MP: 2/2
   576 | D:1      | Reached XP level 3. HP: 29/29 MP: 3/3
   757 | D:1      | Reached skill level 1 in Dodging
  1038 | D:1      | Found a faded altar of an unknown god.
  1334 | D:2      | Reached skill level 3 in Short Blades
  1343 | D:2      | Reached XP level 4. HP: 25/37 MP: 4/4
  1362 | D:2      | Reached skill level 1 in Evocations
  1707 | D:2      | Found Huceugo's Armour Shop.
  1873 | D:2      | Found an ancient bone altar of Kikubaaqudgha.
  2012 | D:2      | Identified the +1 scale mail of the Furrier {Str+4 Int+3}
  2351 | D:3      | Found an ornate altar of the Wu Jian Council.
  2472 | D:3      | Reached XP level 5. HP: 38/42 MP: 5/5
  3055 | D:4      | Found a stormy altar of Qazlal.
  3118 | D:4      | Found a radiant altar of Vehumet.
  3120 | D:4      | Found a broken altar of Ashenzari.
  3143 | D:4      | Reached skill level 4 in Short Blades
  3143 | D:4      | Reached skill level 1 in Throwing
  3228 | D:4      | Found a sparkling altar of Nemelex Xobeh.
  3388 | D:4      | Found a transporter.
  3388 | D:4      | Noticed Moonkey's ghost (amateur DECj)
  3391 | D:4      | Noticed an orc warrior
  3443 | D:4      | Reached XP level 6. HP: 48/48 MP: 6/6
  3451 | D:4      | Reached skill level 1 in Stealth
  3490 | D:4      | Found an ancient bone altar of Kikubaaqudgha.
  3580 | D:4      | Found a transporter.
  3837 | D:4      | Found a glowing silver altar of Zin.
  3837 | D:4      | Found a glowing golden altar of the Shining One.
  3838 | D:4      | Found a white marble altar of Elyvilon.
  4063 | D:4      | Killed an orc warrior
  4064 | D:4      | Reached skill level 5 in Short Blades
  4064 | D:4      | Reached skill level 5 in Shields
  4068 | D:4      | Killed Moonkey's ghost
  4069 | D:4      | Reached XP level 7. HP: 38/55 MP: 7/7
  4195 | D:5      | Entered Level 5 of the Dungeon
  4210 | D:5      | Reached skill level 6 in Short Blades
  4307 | D:5      | Identified the +1 robe of the Shining Light {Regen+ Str-2
                  | SInv}
  4427 | D:5      | Noticed Eustachio
  4469 | D:5      | Killed Eustachio
  4470 | D:5      | Reached skill level 5 in Fighting
  4470 | D:5      | Reached skill level 1 in Air Magic
  4470 | D:5      | Reached XP level 8. HP: 45/62 MP: 8/8
  4809 | D:5      | Noticed Pikel
  4821 | D:5      | Killed Pikel
  4822 | D:5      | Reached skill level 7 in Short Blades
  4883 | D:4      | Found a snail-covered altar of Cheibriados.
  5142 | D:5      | Reached skill level 8 in Short Blades
  5191 | D:5      | Found a hazy altar of Hepliaklqana.
  5358 | D:5      | Found a blossoming altar of Fedhas.
  5493 | D:6      | Reached XP level 9. HP: 66/68 MP: 9/9
  5658 | D:6      | Found a bloodstained altar of Trog.
  5659 | D:6      | Found a hide-covered altar of Uskayaw.
  5683 | D:6      | Noticed Prince Ribbit
  5710 | D:6      | Killed Prince Ribbit
  5721 | D:6      | Reached skill level 9 in Short Blades
  5796 | D:6      | HP: 3/69 [orc/+0 mace (5)]
  5797 | D:6      | HP: 1/69 [kobold/+0 whip (2)]
  5801 | D:6      | Found a staircase to the Ecumenical Temple.
  5836 | D:6      | Mangled by an ogre

Illustrated notes

Levels and vault maps discovered:
D:1:      reono_arrival_forest_river, layout_loops_corners,
          hellmonk_ecumenical_altar_heavens_door
D:2:      layout_loops_cross, serial_shops, shop, basic_altar
D:3:      layout_basic, overflow_temple_1_default, grunt_decor_junction,
          chequers_serial_rivers_micro_c
D:4:      layout_loops_corners, good_gods_temple_1, nemelex_dance_club_becter,
          chequers_temple_overflow_statue_of_worship,
          mainiacjoe_overflow_catch_the_wave, nicolae_overflow_hidden_temple,
          gammafunk_ghost_arena
D:5:      layout_basic, nicolae_hepliaklqana_monster_ancestors,
          fedhas_altar_fruit_tree, hangedman_decor_peaks_small,
          hangedman_decor_opposing, roderic_lattice_a, uniq_eustachio,
          uniq_pikel
D:6:      layout_rooms, mainiacjoe_overflow_divided_tiny,
          nicolae_ru_the_path_less_chosen, minmay_temple_entry_arrows,
          nicolae_ossuary_entry_giza, minmay_misc_feat_square,
          minmay_lizard_king, uniq_prince_ribbit1

Skill      XL: |  1  2  3  4  5  6  7  8  9 |
---------------+----------------------------+-----
Dodging        | 1 2 |  2.0
Short Blades   | 3 4 5 6 8 9 |  9.6
Evocations     | 1 2 |  2.0
Fighting       | 4 5 6 |  6.0
Throwing       | 1 2 |  2.0
Stealth        | 2 |  2.0
Shields        | 5 6 |  6.4
Air Magic      | 1 2 |  2.0
Staves         | |  0.7
Armour         | |  3.2

Action                   |  1- 3 |  4- 6 |  7- 9 || total
-------------------------+-------+-------+-------++-------
Melee: Rapier            |   104 |   112 |   113 ||   329
       Short sword       |       |    82 |   135 ||   217
       Unarmed           |       |       |    11 ||    11
  Use: Scroll            |       |     5 |     8 ||    13
       Potion            |       |     2 |     6 ||     8
 Stab: Confused          |       |       |     4 ||     4
Armor: Scale mail        |    37 |    50 |    91 ||   178
Dodge: Dodged            |    33 |    45 |   103 ||   181
Block: Buckler           |    23 |    21 |       ||    44
       Kite shield       |       |    40 |   146 ||   186

Table legend: (Time is in decaauts)
 A = Elapsed time spent in this place.
 B = Non-inter-level travel time spent in this place.
 C = Inter-level travel time spent in this place.
 D = Time resting spent in this place.
 E = Time spent auto-exploring this place.
 F = Levels seen in this place.
 G = Mean time per level.
                   A        B        C        D        E       F      G
               +--------+--------+--------+--------+--------+-----+--------+
         Total |   5826 |   5291 |    535 |    525 |   3364 |   6 |  971.0 |
       Dungeon |   5826 |   5291 |    535 |    525 |   3364 |   6 |  971.0 |
               +--------+--------+--------+--------+--------+-----+--------+

Top non-repeatable levels by time:
     D:1: 1304 daAuts
     D:4: 1220 daAuts
     D:5: 1138 daAuts
     D:2: 1052 daAuts
     D:3: 770 daAuts
     D:6: 340 daAuts
